 Dungeon Crawl Stone Soup version 0.21.1-1-g345015f (webtiles) character file.

226 Larett the Covert (level 6, -8/39 HPs)
             Began as an Octopode Assassin on Feb 18, 2018.
             Killed by divine providence
             ... invoked by an orc priest
              (16 damage)
             ... on level 4 of the Dungeon.
             The game lasted 00:09:32 (4326 turns).

Larett the Covert (Octopode Assassin)               Turns: 4326, Time: 00:09:32

Health: -8/39      AC:  3    Str: 12    XL:     6   Next: 1%
Magic:  6/6        EV: 10    Int: 14    God:
Gold:   88         SH:  8    Dex: 15    Spells: 5/5 levels left

rFire    . . .     SeeInvis .   a - +3 dagger (venom)
rCold    . . .     Gourm    .   R - +1 shield
rNeg     . . .     Faith    .   y - +2 hat
rPois    .         Spirit   .   (no amulet)
rElec    .         Reflect  .   E - +2 ring of strength
rCorr    .         Harm     .   (no ring)
MR       .....                  (no ring)
Stlth    +++++.....             (no ring)
HPRegen  0.13/turn              (no ring)
MPRegen  0.10/turn              (no ring)
                                (no ring)
                                (no ring)

@: no status effects
A: almost no armour, stealthy swim, amphibious, 8 rings, constrict 8, camouflage
1, gelatinous body 1
a: no special abilities


You were on level 4 of the Dungeon.
You were hungry.

You visited 1 branch of the dungeon, and saw 4 of its levels.

You collected 88 gold pieces.

Inventory:

Hand Weapons
 a - a +3 dagger of venom (weapon)
 b - a +0 hunting sling
 T - a +0 hunting sling
 V - a +0 hunting sling
 X - a +0 blowgun
Missiles
 c - 8 poisoned needles
 d - 2 curare-tipped needles
 u - 143 stones (quivered)
Armour
 y - a +2 hat (worn)
 R - a +1 shield (worn)
Jewellery
 E - a +2 ring of strength (left tentacle)
 Z - a cursed -2 ring of strength
Potions
 p - 2 potions of resistance
 r - a potion of might {unknown}
 x - a potion of haste {unknown}
 B - a potion of berserk rage {unknown}
 C - a potion of heal wounds {unknown}
 D - a potion of agility {unknown}
 U - a potion of degeneration {unknown}
Comestibles
 f - 3 rations


   Skills:
 - Level 2.0 Fighting
 - Level 2.0 Short Blades
 - Level 2.0 Throwing
 - Level 1.0 Dodging
 + Level 9.8 Stealth


You had 5 spell levels left.
You didn't know any spells.

Dungeon Overview and Level Annotations

Branches:
Dungeon (4/15)
 Temple: D:4-7

Altars:
Cheibriados
Hepliaklqana
Nemelex Xobeh
Sif Muna
Uskayaw
The Shining One

Annotations:
D:3 lordive's ghost, amateur HOGl


Innate Abilities, Weirdness & Mutations

You cannot wear most types of armour.
You are very stealthy in the water. (Stealth+)
You are amphibious.
You can wear up to eight rings at the same time.
You can use your tentacles to constrict eight enemies at once.
Your skin changes colour to match your surroundings (Stealth+).
Your rubbery body absorbs attacks. (AC +1, EV +1)


Message History

Aim: an orc priest, wielding a mace (hasn't noticed you)
You shoot a stone. The stone barely misses the orc priest.
The orc priest mumbles some strange prayers to Beogh against you.
Beogh smites you!
Firing (i - inventory):
u - 144 stones (quivered)
Press: ? - help, Shift-Dir - straight line, f/p - orc priest
Aim: an orc priest, wielding a mace You shoot a stone.
The stone closely misses the orc priest.
Your +3 dagger of venom begins to drip with poison!
a - a +3 dagger of venom (weapon)
The orc priest calls down the wrath of Beogh upon you.
Beogh smites you!
* * * LOW HITPOINT WARNING * * *
You are too injured to fight recklessly!
You are too injured to fight recklessly!
You are too injured to fight recklessly!
The orc priest mumbles some strange prayers to Beogh against you.
Beogh smites you!
You die...

..... .... #(.# ##. ###.>#
(.# #..# ##....# #(## #..#
......# ##..# #..# ......##
#...###..# .....<.##
###........#
........######.........#
##...#..........@...(..###
###.##..................###
.. ##)............o(.....
### #..................###
##......####......###
#....#### ###...## #...##
##..## #..## #...## #..##
##o..####


You could see an orc priest.

Vanquished Creatures
  Jessica (D:2)
  7 gnolls
  3 adders
  An ooze (D:2)
  A worm (D:2)
  2 dart slugs
  2 leopard geckos (D:1)
  4 orcs
  4 bats
  2 giant cockroaches
  20 goblins
  14 hobgoblins
  8 kobolds
  A quokka (D:2)
  A ball python (D:1)
  8 frilled lizards
  11 rats
90 creatures vanquished.

Notes
Turn   | Place    | Note
-------+----------+-------------------------------------------
     0 | D:1      | Larett the Octopode Assassin began the quest for the Orb.
     0 | D:1      | Reached XP level 1. HP: 14/14 MP: 1/1
   171 | D:1      | HP: 2/14 [poisoned by a kobold]
   489 | D:1      | Reached XP level 2. HP: 15/19 MP: 2/2
   496 | D:1      | Reached skill level 6 in Stealth
   667 | D:1      | Reached XP level 3. HP: 24/24 MP: 3/3
   813 | D:1      | Reached skill level 7 in Stealth
  1252 | D:2      | Found a hazy altar of Hepliaklqana.
  1279 | D:2      | Noticed Jessica
  1281 | D:2      | Reached XP level 4. HP: 22/29 MP: 4/4
  1286 | D:2      | Killed Jessica
  1286 | D:2      | Reached skill level 8 in Stealth
  1355 | D:2      | Found a glowing golden altar of the Shining One.
  1357 | D:2      | Found a snail-covered altar of Cheibriados.
  1777 | D:2      | Found a sparkling altar of Nemelex Xobeh.
  2009 | D:3      | Found a deep blue altar of Sif Muna.
  2143 | D:3      | Reached XP level 5. HP: 28/34 MP: 5/5
  2452 | D:3      | Reached skill level 9 in Stealth
  2690 | D:3      | Found a hide-covered altar of Uskayaw.
  3351 | D:3      | Noticed lordive's ghost (amateur HOGl)
  4049 | D:4      | Reached XP level 6. HP: 39/39 MP: 6/6
  4326 | D:4      | Killed from afar by an orc priest

Skill      XL: |  1  2  3  4  5 |
---------------+----------------+-----
Stealth        | 6 7 8 9 |  9.8
Fighting       | |  2.0
Short Blades   | |  2.0
Throwing       | |  2.0
Dodging        | |  1.0

Action                   |  1- 3 |  4- 6 || total
-------------------------+-------+-------++-------
Melee: Dagger            |    62 |    96 ||   158
       Constrict         |    14 |    34 ||    48
       Tentacles         |     8 |    17 ||    25
 Fire: Hunting sling     |       |    78 ||    78
  Use: Scroll            |       |     9 ||     9
       Potion            |       |     1 ||     1
 Stab: Sleeping          |     7 |     7 ||    14
  Eat: Chunk             |     1 |     9 ||    10
Armor: Skin              |     8 |    23 ||    31
Dodge: Dodged            |    40 |    74 ||   114
Block: Shield            |       |    36 ||    36
